Map: [ESL] Alcyone

Players

HeroMarine

  • Race: Terran Terran
  • Spawn Location: 7:00

Solar - Winner!

  • Race: Zerg Zerg
  • Spawn Location: 1:00

Event: ESL SC2 Masters 2023 Winter (Finals)

VOD

Have the link to the VOD?

Description

Time

  • Played on: Dec. 16, 2023, 12:58 p.m.
  • Length: 18:27

All games in this series

Show
View Real Time Build Order
Export as new Build Order

HeroMarine Terran 

Build Orders: Command Center First, Hellion Banshee, Mech 

Get SALT Encoding   

  12  0:00  SCV  
  13  0:12  SCV  
  14  0:16  Supply Depot  
  14  0:24  SCV  
  15  0:38  SCV  
  16  0:50  SCV  
  17  0:58  Command Center  
  17  1:02  SCV  
  18  1:11  Barracks  
  18  1:15  SCV  
  19  1:20  Refinery  
  19  1:27  SCV  
  19  1:29  Refinery  
  20  1:39  SCV  
  21  1:51  SCV  
  22  1:58  Marine  
  23  2:03  Orbital Command  
  23  2:09  Factory  
  23  2:12  Orbital Command  
  23  2:17  Barracks Reactor  
  23  2:29  SCV  
  24  2:38  SCV  
  24  2:41  SCV  
  26  2:50  SCV  
  27  2:53  SCV  
  27  2:57  Starport  
  28  3:03  Hellion x2  
  28  3:04  SCV  
  28  3:05  SCV  
  34  3:10  Command Center  
  34  3:12  Barracks Tech Lab  
  34  3:18  SCV  
  34  3:19  Supply Depot  
  35  3:20  SCV  
  36  3:30  SCV  
  36  3:32  SCV  
  38  3:41  Banshee, Cloaking Field  
  41  3:42  Supply Depot  
  41  3:43  SCV  
  41  3:44  SCV  
  45  3:52  Supply Depot  
  43  3:56  Factory, SCV x2  
  43  4:00  Barracks Reactor  
  45  4:04  Hellion x2  
  45  4:07  Supply Depot  
  45  4:08  SCV  
  45  4:09  SCV  
  51  4:19  Refinery  
  51  4:20  SCV, Refinery  
  51  4:21  SCV  
  51  4:23  Banshee  
  56  4:28  Hellion x2  
  60  4:32  SCV  
  60  4:34  SCV  
  60  4:37  Orbital Command  
  62  4:44  Factory, SCV  
  63  4:46  SCV  
  63  4:47  Barracks Tech Lab  
  63  4:48  Hyperflight Rotors  
  64  4:54  Cyclone x2  
  64  4:55  Cyclone  
  64  4:56  Orbital Command  
  70  5:00  Cyclone  
  70  5:01  SCV x2  
  74  5:13  SCV x2  
  72  5:21  Banshee  
  72  5:22  SCV  
  72  5:25  SCV  
  73  5:29  SCV  
  73  5:30  Cyclone  
  73  5:33  Refinery  
  73  5:34  Refinery  
  79  5:36  Cyclone  
  79  5:37  Hurricane Engines, SCV  
  79  5:38  Hellion x2  
  79  5:41  SCV  
  84  5:43  Supply Depot  
  84  5:45  SCV  
  84  5:46  Supply Depot  
  85  5:54  Cyclone, SCV x2  
  89  5:57  SCV  
  90  6:04  Banshee, Command Center  
  90  6:06  SCV x2  
  90  6:10  SCV  
  96  6:15  Cyclone x3  
  96  6:18  SCV x2  
  104  6:22  SCV  
  104  6:24  Supply Depot  
  105  6:29  Factory  
  105  6:30  Factory, SCV  
  107  6:38  Cyclone  
  108  6:40  Armory x2, SCV  
  108  6:45  Cyclone, Supply Depot  
  111  6:47  Supply Depot  
  111  6:50  SCV x2  
  111  6:52  Banshee, SCV  
  117  7:07  Cyclone x2, SCV x2  
  117  7:08  Cyclone  
  125  7:09  SCV  
  126  7:18  Cyclone, Supply Depot  
  126  7:19  Factory Tech Lab, Factory Reactor, SCV x2  
  126  7:20  Siege Tank  
  127  7:24  SCV  
  127  7:26  Engineering Bay  
  127  7:29  Terran Vehicle Weapons Level 1, Terran Vehicle And Ship Armor Level 1  
  128  7:31  SCV x2  
  128  7:35  Banshee  
  128  7:36  SCV  
  134  7:38  Siege Tank  
  134  7:43  SCV x2  
  139  7:48  SCV  
  139  7:52  Siege Tank, Planetary Fortress  
  139  7:55  SCV x2  
  139  7:57  Refinery x2  
  142  7:58  Command Center  
  142  8:01  SCV  
  142  8:02  Cyclone x3  
  149  8:07  SCV x2  
  149  8:08  Supply Depot  
  149  8:09  Supply Depot  
  151  8:13  SCV  
  151  8:18  Sensor Tower  
  152  8:21  Command Center  
  152  8:22  Sensor Tower, Missile Turret, SCV x2  
  152  8:25  SCV  
  155  8:27  Missile Turret  
  155  8:30  Raven  
  157  8:34  Siege Tank  
  157  8:36  Factory  
  157  8:37  Factory  
  157  8:40  Siege Tank  
  163  8:45  SCV x3, Supply Depot  
  163  8:46  Supply Depot, SCV  
  167  8:48  Cyclone  
  167  8:49  Cyclone  
  171  8:56  Supply Depot  
  171  9:06  Cyclone x4  
  171  9:07  SCV  
  171  9:08  SCV x2  
  183  9:17  Siege Tank x2  
  183  9:24  Cyclone x2  
  174  9:27  Factory Reactor x2  
  174  9:28  Command Center  
  174  9:29  Command Center  
  174  9:31  SCV  
  174  9:32  SCV x3  
  174  9:38  Cyclone x2, Refinery  
  178  9:39  Refinery  
  178  9:43  SCV  
  178  9:44  SCV x2  
  178  9:45  SCV  
  186  9:51  Siege Tank x2  
  192  9:56  Cyclone  
  192  9:57  Cyclone  
  192  9:59  Cyclone x2  
  199  10:01  Planetary Fortress  
  199  10:03  Terran Vehicle Weapons Level 2, Terran Vehicle And Ship Armor Level 2  
  198  10:11  Planetary Fortress, Command Center, Missile Turret  
  198  10:14  Unknown  
  198  10:18  Cyclone  
  198  10:21  Cyclone  
  190  10:25  Cyclone x2  
  196  10:31  Cyclone  
  188  10:38  Cyclone  
  188  10:39  Cyclone  
  188  10:40  Cyclone  
  188  10:41  Factory  
  196  10:43  Factory  
  196  10:44  Viking, Thor  
  200  10:55  Thor  
  198  11:03  Hellion x3, Infernal Pre-Igniter  
  192  11:04  Orbital Command  
  192  11:05  Orbital Command  
  192  11:07  Cyclone x3  
  190  11:13  Cyclone  
  190  11:15  Cyclone x2  
  171  11:21  Cyclone  
  171  11:24  Cyclone  
  170  11:27  Thor  
  167  11:35  Cyclone  
  167  11:37  Cyclone  
  167  11:38  Thor  
  156  11:40  Factory Tech Lab  
  147  11:52  Cyclone x2  
  149  11:55  Cyclone x2  
  149  11:56  Cyclone  
  149  12:00  Cyclone  
  157  12:01  SCV  
  157  12:02  SCV x2  
  157  12:03  Cyclone  
  157  12:06  Cyclone  
  160  12:09  Thor, Cyclone x2  
  160  12:14  Cyclone  
  162  12:16  Viking  
  162  12:21  Thor  
  145  12:24  Cyclone x2  
  145  12:27  Cyclone x2  
  145  12:29  Cyclone  
  141  12:32  Cyclone  
  141  12:35  Cyclone  
  141  12:36  Orbital Command  
  123  12:38  Cyclone  
  123  12:41  Cyclone  
  123  12:43  Orbital Command  
  124  12:46  SCV x2  
  124  12:50  Cyclone  
  121  12:52  Thor  
  121  12:56  Cyclone x2  
  121  12:58  SCV  
  132  13:04  Cyclone  
  134  13:06  Orbital Command, Cyclone  
  134  13:09  SCV  
  134  13:10  SCV x2  
  133  13:14  SCV x2  
  133  13:18  Orbital Command  
  120  13:21  SCV  
  120  13:22  SCV x2  
  120  13:25  Cyclone  
  107  13:27  Cyclone  
  107  13:29  SCV x2  
  107  13:30  SCV  
  107  13:34  SCV x2  
  112  13:36  SCV  
  112  13:38  SCV  
  114  13:42  SCV x3  
  114  13:44  SCV  
  114  13:46  SCV x2  
  114  13:48  Cyclone, SCV  
  121  13:50  SCV  
  121  13:51  Cyclone  
  121  13:53  Cyclone  
  130  14:00  Cyclone x2  
  136  14:03  Siege Tank x2  
  136  14:04  Cyclone x2  
  136  14:05  Cyclone  
  136  14:06  SCV  
  145  14:11  Cyclone x2  
  149  14:18  SCV  
  149  14:19  SCV  
  149  14:22  Cyclone  
  149  14:23  Supply Depot  
  151  14:26  Cyclone x2  
  151  14:27  SCV x2  
  151  14:28  SCV x2  
  159  14:31  SCV  
  159  14:34  Cyclone  
  159  14:35  Siege Tank, Cyclone  
  159  14:36  Siege Tank  
  155  14:43  Cyclone x3  
  155  14:44  Cyclone  
  144  14:45  Cyclone  
  144  14:46  SCV x2  
  122  14:54  Cyclone, SCV x2  
  122  14:55  SCV x2  
  122  14:58  SCV  
  127  15:07  Siege Tank  
  127  15:08  Siege Tank  
  127  15:10  Refinery  
  133  15:14  Refinery  
  133  15:19  Cyclone x2  
  135  15:24  Orbital Command  
  131  15:31  Cyclone  
  131  15:32  Cyclone  
  131  15:34  SCV  
  123  15:36  SCV x2  
  123  15:38  SCV  
  123  15:39  Siege Tank  
  123  15:40  Siege Tank  
  123  15:41  SCV  
  123  15:42  SCV  
  130  15:46  SCV  
  130  15:48  SCV x2  
  130  15:49  SCV  
  134  15:50  SCV  
  134  16:00  SCV  
  134  16:02  Cyclone  
  137  16:06  Supply Depot  
  137  16:09  Cyclone x2  
  141  16:11  Siege Tank  
  141  16:12  Siege Tank, Cyclone, SCV  
  141  16:14  Cyclone  
  152  16:22  Refinery x2  
  152  16:24  Supply Depot  
  152  16:26  Cyclone x2  
  152  16:27  Cyclone x2  
  152  16:28  Cyclone  
  162  16:35  Raven  
  164  16:43  Factory Tech Lab  
  164  16:45  Cyclone x4  
  164  16:46  Cyclone  
  169  16:51  Supply Depot x2  
  165  17:00  Cyclone  
  165  17:01  Cyclone  
  161  17:09  Thor x3  
  161  17:11  Hellion  
  161  17:12  Hellion  
  161  17:14  Viking  
  161  17:33  Cyclone x2  
  161  17:35  Cyclone x2  
  164  17:39  Cyclone  
  164  17:41  Cyclone  
  164  17:42  Cyclone x2  
  164  17:43  Cyclone  
Show
View Real Time Build Order
Export as new Build Order

Solar Zerg - Winner!

Build Orders: Hatch First 

Get SALT Encoding   

  12  0:00  Drone  
  13  0:12  Overlord  
  13  0:16  Drone  
  14  0:30  Drone x2  
  16  0:47  Hatchery  
  15  0:50  Drone  
  15  0:54  Drone  
  18  0:57  Drone  
  18  1:08  Extractor  
  17  1:12  Spawning Pool  
  17  1:15  Drone  
  17  1:19  Drone  
  18  1:27  Drone  
  19  1:39  Drone  
  20  1:49  Drone  
  21  1:59  Queen x2  
  21  2:00  Zergling x4  
  27  2:12  Overlord  
  27  2:13  Drone  
  28  2:19  Hatchery  
  27  2:23  Drone  
  28  2:32  Drone x2  
  28  2:36  Queen  
  30  2:41  Overlord  
  33  2:44  Drone  
  33  2:47  Metabolic Boost  
  33  2:50  Drone  
  34  2:54  Drone  
  34  2:56  Drone  
  35  3:06  Drone x2  
  35  3:10  Drone x3  
  40  3:14  Queen  
  40  3:18  Drone  
  40  3:19  Overlord  
  43  3:25  Drone  
  44  3:31  Queen x2  
  44  3:33  Drone  
  49  3:34  Drone  
  50  3:43  Drone x5  
  50  3:46  Zergling x2  
  50  3:47  Zergling x2  
  58  3:48  Drone  
  58  3:52  Overlord  
  58  3:56  Overlord  
  58  4:02  Overlord  
  58  4:10  Drone, Queen x2  
  58  4:12  Drone x3  
  58  4:15  Overlord  
  58  4:17  Drone x3  
  69  4:21  Drone x2  
  69  4:22  Drone  
  69  4:24  Zergling x4  
  74  4:27  Lair  
  74  4:30  Spore Crawler  
  73  4:32  Spore Crawler  
  73  4:33  Drone x2  
  73  4:36  Spore Crawler  
  73  4:37  Drone  
  74  4:40  Overlord  
  74  4:42  Drone x2  
  74  4:44  Extractor, Drone  
  74  4:45  Extractor  
  75  4:46  Drone  
  75  4:48  Drone x2  
  75  4:49  Drone  
  79  4:53  Drone x2, Extractor  
  79  4:54  Extractor  
  79  4:55  Drone x2  
  79  4:57  Drone  
  79  4:58  Extractor  
  81  5:00  Overlord  
  81  5:02  Drone x2  
  82  5:07  Roach Warren  
  82  5:08  Zergling x2  
  82  5:09  Zergling x2  
  82  5:12  Drone  
  84  5:19  Drone x2  
  84  5:20  Drone x2  
  87  5:26  Overseer  
  87  5:27  Drone x4  
  87  5:28  Drone x4  
  91  5:39  Overlord  
  91  5:44  Hatchery  
  91  5:46  Infestation Pit  
  91  5:48  Roach x4  
  91  5:49  Glial Reconstitution  
  97  5:50  Overlord  
  97  5:52  Overlord  
  97  5:54  Overlord  
  97  5:57  Overlord  
  97  6:00  Roach x2  
  101  6:08  Pneumatized Carapace  
  101  6:09  Overlord  
  101  6:11  Roach x4  
  108  6:16  Roach x3  
  114  6:18  Drone  
  114  6:25  Infestor x2  
  119  6:27  Infestor  
  119  6:30  Evolution Chamber  
  119  6:31  Drone x2  
  119  6:32  Drone x3, Evolution Chamber  
  124  6:38  Roach x2  
  124  6:39  Roach  
  130  6:41  Roach  
  130  6:43  Drone x2  
  130  6:45  Overlord  
  134  6:50  Baneling Nest  
  134  6:51  Drone x3  
  134  6:52  Spore Crawler  
  135  6:56  Drone, Queen  
  135  6:58  Extractor, Ravager x3  
  135  6:59  Extractor  
  135  7:01  Roach x2  
  142  7:03  Zergling x6  
  142  7:07  Zerg Melee Weapons Level 1  
  143  7:13  Drone x3  
  144  7:20  Zerg Missile Weapons Level 1  
  144  7:21  Roach x3  
  144  7:22  Hive  
  150  7:23  Drone x3  
  150  7:24  Drone  
  154  7:32  Overlord  
  154  7:33  Overlord, Spire  
  154  7:35  Drone x2  
  155  7:37  Burrow  
  155  7:38  Drone  
  155  7:41  Drone x2  
  155  7:43  Centrifugal Hooks  
  158  7:45  Drone  
  158  7:46  Overlord  
  158  7:48  Overlord  
  158  7:57  Zergling x18  
  167  8:00  Drone  
  167  8:01  Overseer  
  167  8:02  Drone  
  167  8:03  Overlord  
  166  8:09  Drone  
  167  8:15  Drone  
  167  8:16  Drone  
  167  8:17  Hatchery  
  168  8:22  Baneling x5  
  168  8:23  Baneling  
  168  8:25  Overlord  
  168  8:27  Zergling x20  
  168  8:33  Zergling x6  
  168  8:34  Spore Crawler  
  180  8:39  Baneling x5  
  180  8:43  Adrenal Glands  
  180  8:44  Zergling x2  
  180  8:45  Zergling x10  
  180  8:47  Greater Spire  
  181  8:56  Drone x4  
  181  8:57  Drone x2  
  181  8:59  Corruptor x3  
  190  9:05  Corruptor  
  190  9:06  Corruptor x2  
  196  9:15  Zerg Melee Weapons Level 2  
  196  9:16  Zerg Missile Weapons Level 2  
  189  9:23  Corruptor x2  
  186  9:28  Extractor  
  185  9:34  Spine Crawler  
  184  9:43  Spine Crawler  
  181  9:55  Zergling x8  
  181  10:01  Brood Lord x7  
  181  10:05  Brood Lord  
  193  10:21  Zergling x32  
  192  10:23  Zergling x12  
  193  10:32  Ravager  
  188  10:36  Zergling x14, Roach x3  
  188  10:40  Queen x3  
  196  10:43  Baneling x5, Ravager x3  
  196  10:45  Zerg Flyer Weapons Level 1  
  199  11:01  Roach x2  
  199  11:03  Zergling x8  
  198  11:06  Baneling x6, Roach  
  198  11:10  Roach  
  197  11:13  Roach x6  
  197  11:14  Zergling x4  
  197  11:17  Roach x3  
  197  11:23  Roach x2  
  199  11:26  Overlord  
  199  11:27  Overlord  
  199  11:28  Overlord  
  199  11:31  Overlord  
  188  11:38  Roach x8  
  195  11:40  Queen x2  
  195  11:43  Overlord  
  197  11:48  Ravager x2  
  199  11:54  Baneling x2  
  199  11:56  Zerg Missile Weapons Level 3, Zerg Melee Weapons Level 3  
  199  12:03  Overseer  
  199  12:08  Zergling x2  
  199  12:13  Zergling x2  
  198  12:15  Hatchery  
  198  12:16  Zergling x6  
  198  12:17  Zergling x8  
  197  12:25  Roach x2  
  194  12:30  Roach x3  
  194  12:34  Roach x4  
  194  12:35  Zergling x2  
  194  12:36  Zergling x10  
  194  12:40  Queen  
  194  12:45  Viper x2  
  194  12:48  Zergling x8  
  198  12:52  Baneling x5  
  198  12:53  Zergling x4  
  198  12:56  Roach x2  
  200  13:01  Zergling x8  
  199  13:10  Roach x3  
  199  13:12  Zergling x12  
  200  13:16  Zergling x2  
  200  13:17  Zergling x6  
  194  13:20  Ravager  
  194  13:21  Zergling x2  
  194  13:22  Zergling x6  
  194  13:27  Roach  
  179  13:30  Roach x2  
  177  13:34  Roach x3  
  177  13:39  Overseer x2  
  181  13:43  Zergling x12  
  181  13:46  Zergling x18  
  196  13:50  Ravager  
  196  13:52  Ravager x2  
  196  13:53  Ravager  
  196  13:54  Zergling x2  
  196  13:55  Zergling x2  
  200  13:58  Baneling x9  
  200  13:59  Baneling x9  
  200  14:02  Overseer x2  
  197  14:10  Baneling x7  
  191  14:18  Zergling x20  
  191  14:19  Zergling x2  
  200  14:26  Baneling  
  200  14:27  Baneling x3  
  199  14:33  Zerg Ground Armor Level 1  
  199  14:38  Zergling x22  
  194  14:42  Roach x5  
  190  14:50  Roach x13  
  190  14:52  Roach x2  
  195  14:58  Roach  
  195  14:59  Roach x2  
  198  15:04  Zergling x4  
  200  15:07  Baneling x7  
  200  15:08  Baneling x13  
  200  15:12  Baneling x3  
  200  15:13  Baneling x2  
  200  15:16  Hatchery  
  199  15:22  Zergling x6  
  199  15:23  Ravager  
  199  15:24  Ravager x3  
  186  15:29  Zergling x34  
  186  15:32  Zergling x2  
  186  15:34  Infestor  
  181  15:38  Zerg Flyer Weapons Level 2  
  181  15:42  Corruptor x8  
  168  15:44  Overlord  
  168  15:47  Drone  
  183  15:50  Spine Crawler  
  183  15:51  Zergling x14  
  187  15:58  Baneling x5  
  187  15:59  Overseer  
  187  16:00  Overlord  
  187  16:02  Zergling x10  
  186  16:15  Baneling x2  
  186  16:16  Infestor  
  186  16:30  Brood Lord x7  
  200  16:33  Baneling x3  
  200  16:34  Baneling x5  
  198  16:40  Zergling x2  
  198  16:41  Zergling x8  
  198  16:43  Zergling x24  
  198  16:45  Zergling x2  
  200  16:48  Zergling x2, Brood Lord  
  200  16:49  Zergling x4  
  200  16:51  Zergling x6  
  192  16:55  Zergling x2  
  192  16:56  Zergling x10  
  192  16:59  Baneling x8  
  193  17:01  Zergling x2  
  193  17:02  Zergling x2  
  193  17:06  Roach x3  
  196  17:19  Baneling x7  
  196  17:27  Zergling x4  
  196  17:28  Zergling x4  
  195  17:37  Roach x2  
  195  17:41  Roach x3  
  195  17:42  Zergling x4  
  197  17:48  Zergling x22  
  191  17:56  Zergling x24  
  194  18:03  Zergling x12  
  194  18:04  Hatchery  
  194  18:10  Zergling x2  
Tags
 
Add a new tag
Caveats
  • Supply blocks, unpowered buildings, or Contaminate may cause inaccurate times.
  • Supply counts are checked every 10 seconds.